 Dungeon Crawl Stone Soup version 0.24.1-4-ge52af88ad5 (webtiles) character file.

Game seed: 3582604724704364703, levelgen mode: deterministic

681 Heliosone the Destroyer (level 7, -2/36 HPs)
             Began as a Tengu Fire Elementalist on Apr 16, 2020.
             Killed from afar by an orc wizard (7 damage)
             ... with a magic dart
             ... on level 4 of the Dungeon.
             The game lasted 00:11:08 (5335 turns).

Heliosone the Destroyer (Tengu Fire Elementalist)   Turns: 5335, Time: 00:11:09

Health: -2/36      AC: -1    Str:  8    XL:     7   Next: 61%
Magic:  2/11       EV: 15    Int: 18    God:
Gold:   150        SH:  0    Dex: 14    Spells: 0/10 levels left

rFire    . . .     SeeInvis .   v - +4 dagger
rCold    . . .     Gourm    .   (no shield)
rNeg     . . .     Faith    .   a - +0 robe
rPois    +         Spirit   .   (helmet restricted)
rElec    .         Reflect  .   (no cloak)
rCorr    .         Harm     .   (no gloves)
MR       .....                  (boots unavailable)
Stlth    ++........             (no amulet)
HPRegen  0.12/turn              w - -3 ring of protection (curse)
MPRegen  0.12/turn              q - ring of poison resistance

@: flying quickly and evasively, quick
A: beak, talons 3, able to fly
a: Stop Flying


You were on level 4 of the Dungeon.
You were not hungry.

You visited 1 branch of the dungeon, and saw 4 of its levels.

You collected 150 gold pieces.

Inventory:

Hand Weapons
 e - a +0 club
 i - a +0 short sword
 v - a +4 dagger (weapon)
Missiles
 k - 7 atropa-tipped darts (quivered)
Armour
 a - a +0 robe (worn)
 b - a cursed -1 helmet
Jewellery
 q - a ring of poison resistance (right hand)
 w - a cursed -3 ring of protection (left hand)
 z - a +1 ring of evasion {unknown}
Wands
 s - a wand of random effects (16)
 t - a wand of iceblast (9)
Scrolls
 f - 4 scrolls of identify {unknown}
 g - 2 scrolls of teleportation {unknown}
 h - a scroll of enchant armour {unknown}
 l - a scroll of random uselessness {unknown}
 n - a scroll of enchant weapon
 y - 2 scrolls of blinking {unknown}
 D - a scroll of amnesia {unknown}
Potions
 d - 2 potions of haste {unknown}
 j - 2 potions of degeneration {unknown}
 m - 2 potions of magic {unknown}
 o - 2 potions of flight {unknown}
 p - 2 potions of cancellation {unknown}
 r - a potion of mutation {unknown}
 u - a potion of heal wounds {unknown}
 x - a potion of curing {unknown}
 A - a potion of might {unknown}
 C - a potion of brilliance {unknown}
Comestibles
 c - 5 rations


   Skills:
 - Level 2.1 Dodging
 - Level 2.0 Stealth
 - Level 2.0 Spellcasting
 + Level 8.3 Conjurations
 + Level 6.4 Fire Magic


You couldn't memorise any spells.
You knew the following spells:

 Your Spells              Type           Power        Failure   Level  Hunger
a - Flame Tongue          Conj/Fire      ####.        1%          1    #......
b - Throw Flame           Conj/Fire      ####..       1%          2    ###....
c - Conjure Flame         Conj/Fire      ####....     2%          3    ###....
d - Sticky Flame          Conj/Fire      ####....     9%          4    #####..

Your spell library contained the following spells:

 Spells                   Type           Power        Failure   Level  Hunger
 Inner Flame              Hex/Fire       ##......     14%         3    ###....
 Fireball                 Conj/Fire      ####......   24%         5    ######.


Dungeon Overview and Level Annotations

Branches:
Dungeon (4/15)
 Temple: D:4-7

Altars:
Kikubaaqudgha
Nemelex Xobeh
Qazlal
Uskayaw
Yredelemnul

Annotations:
D:4 Duvessa


Innate Abilities, Weirdness & Mutations

You have a beak for a mouth.
You have claws for feet.
You can fly continuously.


Message History

The magic dart hits you!
You see here a stone.
The orc wizard casts a spell at you. The magic dart hits you!
* * * LOW HITPOINT WARNING * * *
The goblin throws a stone.
The stone completely misses you.
You see here a stone.
Casting: Throw Flame (safe; 1% risk of failure)
Confirm with . or Enter, or press ? or * to list all spells.
Aiming: Throw Flame (safe; 1% risk of failure)
Press: ? - help, Shift-Dir - straight line, f - orc wizard
Aim: an orc wizard, wielding a +2 dagger of venom and wearing a +0 leather armour (fast)
The puff of flame hits the orc wizard!
The orc wizard is severely wounded.
The orc wizard points at you and mumbles some strange words.
The magic dart hits you.
* * * LOW HITPOINT WARNING * * *
The orc wizard casts a spell at you. The magic dart hits you!
You die...

..).[## #....###...#.#...###..#
###÷÷.#####....###.#.#)#.#.###..#
##..÷#........##...###...##...#
#..)...#).....)..............#
####.................#........
##................#######..
#..##..#.........# #..
#.....##.........# ##.
#...##.#.@......## ##..
#....###........# #...
###..##..(......## #####..
##....(........###.#_#..
###.........>....#.##.##.
##...o........#....##...##
###...g.....#######..#..#..#
#...........# ####.###.#
#..........## #.###.#


You could see an orc wizard and a goblin.

Vanquished Creatures
  3 ogres (D:4)
  A scorpion (D:3)
  2 hounds
  2 bullfrog skeletons (D:4)
  Jessica (D:3)
  Ijyb (D:3)
  A worker ant (D:4)
  Robin (D:4)
  9 adders
  An ooze (D:1)
  An adder skeleton (D:4)
  A worm (D:3)
  3 dart slugs
  2 leopard geckos
  6 orcs (D:4)
  A ball python (D:4)
  5 bats
  4 giant cockroaches
  14 goblins
  11 hobgoblins
  6 jackals (D:2)
  A ball python skeleton (D:4)
  5 frilled lizards
  5 kobolds
  9 rats
96 creatures vanquished.

Vanquished Creatures (others)
  4 toadstools (D:1)
4 creatures vanquished.

Grand Total: 100 creatures vanquished

Notes
Turn   | Place    | Note
-------+----------+-------------------------------------------
     0 | D:1      | Heliosone the Tengu Fire Elementalist began the quest for
                  | the Orb.
     0 | D:1      | Reached XP level 1. HP: 10/10 MP: 4/4
   134 | D:1      | Reached skill level 2 in Conjurations
   261 | D:1      | Reached XP level 2. HP: 15/15 MP: 4/6
   360 | D:1      | Learned a level 2 spell: Throw Flame
   395 | D:1      | Reached skill level 3 in Conjurations
   805 | D:1      | Reached XP level 3. HP: 19/19 MP: 1/7
  1027 | D:1      | Reached skill level 4 in Conjurations
  1602 | D:2      | Reached skill level 5 in Conjurations
  1602 | D:2      | Reached XP level 4. HP: 24/24 MP: 5/8
  1690 | D:2      | Learned a level 3 spell: Conjure Flame
  2044 | D:2      | Gained mutation: You can fly continuously. [Tengu growth]
  2044 | D:2      | Reached XP level 5. HP: 24/28 MP: 3/9
  2783 | D:3      | Noticed Ijyb
  2813 | D:3      | Killed Ijyb
  2813 | D:3      | Reached skill level 6 in Conjurations
  3528 | D:3      | Noticed Jessica
  3544 | D:3      | Killed Jessica
  3544 | D:3      | Reached XP level 6. HP: 32/32 MP: 7/10
  3946 | D:4      | Reached skill level 7 in Conjurations
  3946 | D:4      | Reached skill level 5 in Fire Magic
  4114 | D:4      | Reached XP level 7. HP: 36/36 MP: 2/11
  4272 | D:4      | Found a hide-covered altar of Uskayaw.
  4272 | D:4      | Found a sparkling altar of Nemelex Xobeh.
  4277 | D:4      | Found a stormy altar of Qazlal.
  4279 | D:4      | Found a basalt altar of Yredelemnul.
  4281 | D:4      | Found an ancient bone altar of Kikubaaqudgha.
  4470 | D:4      | Noticed Duvessa
  4505 | D:3      | Learned a level 4 spell: Sticky Flame
  4670 | D:4      | Noticed Robin
  4679 | D:4      | Killed Robin
  4955 | D:4      | Reached skill level 8 in Conjurations
  5335 | D:4      | Killed from afar by an orc wizard

Levels and vault maps discovered:
D:1:      ldierk_walled_garden_2, layout_rooms
D:2:      layout_loops_cross, minmay_curled_crystal, serial_bayou_pond_d
D:3:      layout_basic, chequers_serial_rivers_room_b, uniq_jessica, uniq_ijyb
D:4:      minmay_bubble_buster, layout_layer_cave,
          chequers_temple_overflow_minitemple, first_ration,
          minmay_starry_boxes, uniq_duvessa, uniq_robin

Skill      XL: |  1  2  3  4  5  6  7 |
---------------+----------------------+-----
Conjurations   | 2 3 5 6 7 8 |  8.3
Fire Magic     | 4 5 6 |  6.4
Dodging        | |  2.1
Stealth        | |  2.0
Spellcasting   | |  2.0

Action                   |  1- 3 |  4- 6 |  7- 9 || total
-------------------------+-------+-------+-------++-------
Melee: Unarmed           |     2 |       |       ||     2
       Peck              |     3 |       |       ||     3
       Kick              |     3 |     1 |     2 ||     6
       Club              |     1 |       |       ||     1
       Short sword       |     7 |     1 |       ||     8
       Dagger            |       |     5 |    14 ||    19
 Cast: Flame Tongue      |    34 |    52 |    22 ||   108
       Throw Flame       |    22 |    43 |    23 ||    88
       Conjure Flame     |       |     1 |       ||     1
       Sticky Flame      |       |       |     2 ||     2
 Abil: Fly               |       |     1 |       ||     1
  Use: Scroll            |       |     1 |       ||     1
 Stab: Sleeping          |       |     2 |       ||     2
  Eat: Chunk             |     4 |    10 |     4 ||    18
       Ration            |       |       |     1 ||     1
Armor: Robe              |     5 |       |       ||     5
Dodge: Dodged            |    12 |    11 |    18 ||    41
